 Dungeon Sprint DCSS version 0.31-a0-1395-g7c67ea8c80 (webtiles) character file.

Game seed: 10952829382686284519

19266 Groucho the Unseen (level 12, -6/67 HPs)
             Began as a Spriggan Enchanter on Dec 25, 2023.
             Was the Champion of Dithmenos.
             Engulfed by an ice statue's freezing vapour (20 damage)
             ... in the Dungeon (Sprint II: "The Violet Keep of Menkaure").
             The game lasted 00:18:20 (3010 turns).

Groucho the Unseen (Spriggan Enchanter)             Turns: 3010, Time: 00:18:21

Health: -6/67      AC:  2    Str:  4    XL:     12   Next: 35%
Magic:  17/29      EV: 23    Int: 20    God:    Dithmenos [******]
Gold:   329        SH:  0    Dex: 17    Spells: 6/35 levels left

rFire   + . .        a - +1 dagger
rCold   . . .        (no shield)
rNeg    . . .        b - +0 robe
rPois   +            (helmet restricted)
rElec   .            (no cloak)
rCorr   .            (gloves unavailable)
SInv    +            (boots unavailable)
Will    ++...        (no amulet) Stlth *+++++++++
                     f - ring of flight
HPRegen 0.31/turn    j - ring of protection from fire
MPRegen 0.21/turn

%: no teleportation
@: flying, wreathed by umbra, very quick
A: very small, no large weapons, unfitting armour, see invisible, speed 3,
poison resistance
a: Renounce Religion, Shadow Step, Shadow Form


You were in the Dungeon.
You worshipped Dithmenos.
Dithmenos was exalted by your worship.
You visited 1 branch You collected 2363 gold pieces.
You spent 2034 gold pieces at shops.

Inventory:

Hand Weapons
 a - a +1 dagger (weapon)
 y - the +9 dagger "Meon" {antimagic, Will+ Stlth+}
   (You found it in the Dungeon)

   Will+:     It increases your willpower.
   Stlth+:    It makes you more stealthy.
 z - the +6 dagger of Putrescence {drain, rElec}
   (You found it in the Dungeon)

   rElec:     It insulates you from electricity.
Armour
 b - a +0 robe (worn)
 x - a +0 troll leather armour
Jewellery
 f - a ring of flight (left hand)
 j - a ring of protection from fire (right hand)
 r - a ring of resist corrosion
 C - a ring of willpower
Talismans
 E - a granite talisman
Scrolls
 c - a scroll of revelation {unknown}
 d - a scroll of fog {unknown}
 i - 3 scrolls of blinking
 k - a scroll of silence {unknown}
 l - 2 scrolls of torment {unknown}
 m - 2 scrolls of identify {unknown}
 o - a scroll of amnesia {unknown}
 t - a scroll of summoning {unknown}
 A - a scroll of acquirement {unknown}
 D - a scroll of vulnerability {unknown}
Potions
 e - a potion of heal wounds
 g - 2 potions of lignification {unknown}
 h - a potion of berserk rage
 n - a potion of haste
 p - a potion of degeneration {unknown}
 q - 4 potions of resistance {unknown}
 s - a potion of curing
 u - 2 potions of might {unknown}
 v - 2 potions of magic
 w - 6 potions of enlightenment {unknown}
 B - 2 potions of experience {unknown}


   Skills:
 + Level 9.6 Fighting
 - Level 10.0 Short Blades
 - Level 10.0 Dodging
 - Level 15.0 Stealth
 - Level 12.0 Spellcasting
 + Level 11.0 Conjurations
 - Level 14.0 Hexes
 - Level 5.0 Translocations
 - Level 15.0 Earth Magic
 + Level 6.5 Alchemy


You had 6 spell levels left.
You knew the following spells:

 Your Spells              Type           Power      Damage    Failure   Level
a - Ensorcelled Hibernat  Hex/Ice        80%        N/A       1%          2
b - Confusing Touch       Hex            61%        N/A       1%          3
c - Dazzling Flash        Conj/Hex       100%       N/A       1%          3
d - Passwall              Alch/Erth      44%        N/A       1%          2
e - Stone Arrow           Conj/Erth      100%       3d13      1%          3
f - Brom's Barrelling Bo  Conj/Erth      59%        2d7       1%          4
g - Blink                 Tloc           64%        N/A       1%          2
h - Iskenderun's Battles  Conj           54%        2d10      1%          5
i - Irradiate             Conj/Alch      23%        3d19      4%          5

Your spell library contained the following spells:

 Spells                   Type           Power      Damage    Failure   Level
 Sandblast                Erth           100%       2d20      0%          1
 Momentum Strike          Conj/Tloc      88%        3d10      1%          2
 Inner Flame              Hex/Fire       40%        N/A       1%          3
 Mephitic Cloud           Conj/Alch/Air  35%        N/A       1%          3
 Summon Guardian Golem    Hex/Summ       40%        N/A       1%          3
 Tukima's Dance           Hex            61%        N/A       1%          3
 Summon Forest            Summ/Tloc      11%        N/A       50%         5
 Simulacrum               Ice/Necr       6%         N/A       100%        6
 Orb of Destruction       Conj           27%        9d9       45%         7
 Spellforged Servitor     Conj/Summ      17%        N/A       99%         7
 Ignition                 Fire           6%         3d4       100%        8


Dungeon Overview and Level Annotations

Branches:
Dungeon (1/1)

Altars:
Cheibriados
Dithmenos
Elyvilon
Fedhas
Gozag
Hepliaklqana
Kikubaaqudgha
Makhleb
Nemelex Xobeh
Okawaru
Qazlal
Ru
Sif Muna
Trog
Uskayaw
Vehumet
Wu Jian
Xom
Yredelemnul
Zin
The Shining One
Jiyva
Lugonu

Shops:
D :?:!=[(![!==:([**(=

Annotations:
D exclusions: obsidian statue and oklob plant, Kirke


Innate Abilities, Weirdness & Mutations

You are very small and have problems with some larger weapons.
You are too small for most types of armour.
You have supernaturally acute eyesight. (SInv)
You cover ground extremely quickly. (Speed+++)
Your system is resistant to poisons. (rPois)


Message History

Dithmenos accepts your kill.
Your shadow mimics your spell!
Your Conjurations skill increases to level 11!
Unknown command.
Things that are here:
a +0 dagger; a +0 robe; a kobold corpse
There is an open gate here.
You reach down and open the gate.
An ice statue comes into view.
Aiming: Stone Arrow (safe; 1% risk of failure)
Press: ? - help, Q - select action, (/) - cycle Shift-Dir - straight line, f - ice statue
Aim: an ice statue (freezing vapour, unaware, hasn't noticed you, umbra, 100% to hit)
The stone arrow hits the ice statue!
The ice statue is lightly damaged.
The ice statue gestures at you. The freezing blast engulfs you!!
Unknown command.
Aiming: Stone Arrow (safe; 1% risk of failure)
Press: ? - help, Q - select action, (/) - cycle Shift-Dir - straight line, f/p - ice statue
Aim: an ice statue (freezing vapour, lightly damaged, umbra, 100% to hit)
The stone arrow hits the ice statue!
The ice statue is moderately damaged.
You are engulfed in freezing vapours.
The ice statue gestures.
Unknown command.
Aiming: Stone Arrow (safe; 1% risk of failure)
Press: ? - help, Q - select action, (/) - cycle Shift-Dir - straight line, f/p - ice statue
Aim: an ice statue (moderately damaged, umbra, 100% to hit)
The stone arrow hits the ice beast!!
The ice beast is severely wounded.
Your shadow mimics your spell!
The shadow shard hits the ice beast!!
You kill the ice beast!
The ice beast disappears in a puff of smoke!
You are engulfed in freezing vapours.
* * * LOW HITPOINT WARNING * * *
The ice statue gestures at you. The bolt of cold misses you.
You reach down and close the gate.
You are engulfed in freezing vapours.
You die...

∩.∩..#~#...##.##...#.§#..#.^#..#▓
.∩.∩.'~'.#.'.<.'##.'§.####..##.#▓
..∩.∩#~#.).##.##...#....###...##▓
▓▓▓###~##.###'###.##......~~~~~~~
######~~####.#.####§~.....~#+####
#J ##~~~#.###.#~~~~~~§..~#.._..
+$ #'#~## ##~○§§§~~~.~#._._. $
#†#~~##+##○○~§§§~~~~§#_._._
####~~~~☼☼@°~§§≈≈≈~~~#._._.
#+++#+++#§§§≈≈≈≈§~#_._._
#≈°°○≈§≈##§≈≈###≈≈#._._.
○○°≈≈○≈≈≈##§§#=#≈≈#_._._
○°≈○8≈≈≈≈ +≈§#'#≈≈#..._.
°°°○≈≈≈≈≈##§≈§≈§§§######
#○○○○≈°°###########~~~~~
####+####§≈≈§○≈≈###~####
§§○≈≈≈○§§##~#


There were no monsters in sight!

Vanquished Creatures
  A golden dragon (D)
  A deep elf master archer (D)
  2 sphinxes (D)
  A kraken (D)
  A storm dragon (D)
  Roxanne (D)
  A crystal guardian (D)
  A fire dragon (D)
  An ice dragon (D)
  A skeletal warrior (D)
  2 death drakes (D)
  2 deep trolls (D)
  3 shining eyes (D)
  2 manticores (D)
  A merfolk siren (D)
  2 cane toads (D)
  A yaktaur (D)
  A kobold demonologist (D)
  A hornet (D)
  5 polar bears (D)
  3 yaks (D)
  4 wyverns (D)
  Menkaure (D)
  2 swamp drakes (D)
  7 crocodiles (D)
  4 necrophages (D)
  5 scorpions (D)
57 creatures vanquished.

Vanquished Creatures (collateral kills)
  A boulder (D)
1 creature vanquished.

Vanquished Creatures (others)
  A manticore (D)
  A boulder (D)
  8 tentacles (D)
10 creatures vanquished.

Grand Total: 68 creatures vanquished

Notes
Turn   | Place    | Note
-------+----------+-------------------------------------------
     0 | D        | Groucho the Spriggan Enchanter began the quest for the Orb.
     0 | D        | Reached XP level 1. HP: 9/9 MP: 5/5
     3 | D        | Noticed a scorpion
     3 | D        | Noticed a scorpion
     5 | D        | Noticed a scorpion
     5 | D        | Noticed a scorpion
     6 | D        | Killed a scorpion
     7 | D        | Reached skill level 5 in Hexes
     7 | D        | Reached XP level 2. HP: 15/15 MP: 6/8
     7 | D        | Reached XP level 3. HP: 18/18 MP: 6/9
     8 | D        | Killed a scorpion
     9 | D        | Reached skill level 5 in Dodging
     9 | D        | Reached skill level 5 in Spellcasting
     9 | D        | Reached XP level 4. HP: 24/24 MP: 7/12
    10 | D        | Killed a scorpion
    11 | D        | Reached skill level 5 in Short Blades
    11 | D        | Reached skill level 10 in Stealth
    11 | D        | Reached XP level 5. HP: 29/29 MP: 7/13
    13 | D        | Reached skill level 5 in Fighting
    22 | D        | Reached XP level 6. HP: 35/35 MP: 7/14
    26 | D        | Reached skill level 15 in Stealth
    35 | D        | Noticed a wyvern
    35 | D        | Noticed a wyvern
    38 | D        | Killed a wyvern
    39 | D        | Reached skill level 10 in Hexes
    39 | D        | Reached XP level 7. HP: 39/39 MP: 8/15
    41 | D        | Killed a wyvern
    46 | D        | Noticed a merfolk siren
    49 | D        | Killed a merfolk siren
    50 | D        | Reached XP level 8. HP: 43/43 MP: 9/16
    56 | D        | Learned a level 2 spell: Ensorcelled Hibernation
    60 | D        | Learned a level 3 spell: Confusing Touch
    64 | D        | Learned a level 3 spell: Dazzling Flash
    64 | D        | Found Sasozoufar's Armour Shop.
    64 | D        | Found Jeubbaec's Jewellery Boutique.
    64 | D        | Found Elalebe Muobb's Jewellery Shop.
    64 | D        | Found Syerec's Distillery.
    64 | D        | Found Raxtise's Weapon Shop.
    64 | D        | Found Woish's Distillery.
    64 | D        | Found Lovadgh's Antique Armour Boutique.
    65 | D        | Found Xaesm's Jewellery Boutique.
    65 | D        | Found Achirpho's Distillery.
    65 | D        | Found Ytamno's Book Shop.
    66 | D        | Found Wotizoh's Antique Weapon Boutique.
    66 | D        | Found Hinemog's Antique Armour Shop.
    66 | D        | Found Wyzahas's Book Shop.
    66 | D        | Found Wett's Magic Scroll Boutique.
    66 | D        | Noticed Menkaure
    66 | D        | Noticed an unseen horror
    89 | D        | Killed Menkaure
    92 | D        | Noticed an unseen horror
    92 | D        | Noticed an oklob plant
    93 | D        | Found Istef's Book Shoppe.
   166 | D        | Noticed a slime creature
   185 | D        | Bought a ring of flight for 210 gold pieces
   185 | D        | Bought a ring of protection from fire for 300 gold pieces
   188 | D        | Bought a book of Geomancy for 308 gold pieces
   191 | D        | Learned a level 2 spell: Passwall
   195 | D        | Learned a level 3 spell: Stone Arrow
   200 | D        | Learned a level 4 spell: Brom's Barrelling Boulder
   224 | D        | Found a stormy altar of Qazlal.
   225 | D        | Found a hazy altar of Hepliaklqana.
   225 | D        | Found a sacrificial altar of Ru.
   225 | D        | Found an ornate altar of the Wu Jian Council.
   226 | D        | Found a viscous altar of Jiyva.
   226 | D        | Found a shimmering blue altar of Sif Muna.
   226 | D        | Found a shimmering altar of Xom.
   227 | D        | Found a snail-covered altar of Cheibriados.
   227 | D        | Found an ancient bone altar of Kikubaaqudgha.
   227 | D        | Found a bloodstained altar of Trog.
   227 | D        | Found a glowing golden altar of the Shining One.
   227 | D        | Found a basalt altar of Yredelemnul.
   228 | D        | Found a shadowy altar of Dithmenos.
   228 | D        | Found a corrupted altar of Lugonu.
   228 | D        | Found a hide-covered altar of Uskayaw.
   245 | D        | Found a glowing silver altar of Zin.
   247 | D        | Found a white marble altar of Elyvilon.
   247 | D        | Found a burning altar of Makhleb.
   248 | D        | Found a blossoming altar of Fedhas.
   250 | D        | Found an opulent altar of Gozag.
   250 | D        | Found a sparkling altar of Nemelex Xobeh.
   251 | D        | Found a radiant altar of Vehumet.
   251 | D        | Found an iron altar of Okawaru.
   258 | D        | Became a worshipper of Dithmenos the Shadowed
   271 | D        | Reached skill level 1 in Conjurations
   271 | D        | Reached skill level 1 in Earth Magic
   281 | D        | Noticed a fire dragon
   283 | D        | Killed a fire dragon
   283 | D        | Reached * piety under Dithmenos
   284 | D        | Reached skill level 10 in Short Blades
   284 | D        | Reached skill level 5 in Earth Magic
   284 | D        | Reached XP level 9. HP: 47/47 MP: 17/17
   295 | D        | Noticed a deep elf master archer
   300 | D        | Reached skill level 5 in Conjurations
   302 | D        | Reached ** piety under Dithmenos
   312 | D        | Killed a deep elf master archer
   319 | D        | Noticed an ice dragon
   319 | D        | Noticed a manticore
   319 | D        | Noticed a manticore
   319 | D        | Noticed a shining eye
   319 | D        | Noticed a manticore
   319 | D        | Noticed a shining eye
   319 | D        | Noticed a shining eye
   319 | D        | Noticed a polar bear
   319 | D        | Noticed a cane toad
   319 | D        | Noticed a polar bear
   319 | D        | Noticed a cane toad
   332 | D        | Killed a cane toad
   333 | D        | Reached XP level 10. HP: 51/51 MP: 14/18
   347 | D        | Gained mutation: Your system is resistant to poisons.
                  | (rPois) [a shining eye]
   355 | D        | Killed a shining eye
   355 | D        | Reached *** piety under Dithmenos
   356 | D        | Reached skill level 10 in Earth Magic
   356 | D        | Killed a shining eye
   362 | D        | Killed a manticore
   381 | D        | Killed a cane toad
   381 | D        | Reached **** piety under Dithmenos
   601 | D        | Killed a manticore
   910 | D        | Killed an ice dragon
   910 | D        | Reached ***** piety under Dithmenos
   922 | D        | Killed a manticore
   923 | D        | Reached skill level 10 in Conjurations
  1025 | D        | Noticed an obsidian statue
  1065 | D        | Reached XP level 11. HP: 48/55 MP: 17/19
  1082 | D        | Killed a shining eye
  1278 | D        | Noticed a kraken
  1322 | D        | Killed a kraken
  1406 | D        | Found the +10 morningstar "Eos" {elec, Halo rElec}
  1517 | D        | Reached skill level 15 in Earth Magic
  1526 | D        | Noticed a deep troll
  1527 | D        | Noticed a deep troll
  1529 | D        | Killed a deep troll
  1530 | D        | Killed a deep troll
  1530 | D        | Reached ****** piety under Dithmenos
  1559 | D        | Noticed a sphinx
  1559 | D        | Noticed a sphinx
  1563 | D        | Killed a sphinx
  1564 | D        | Paralysed by a sphinx for 2 turns
  1569 | D        | Killed a sphinx
  1612 | D        | Noticed a death drake
  1614 | D        | Noticed a death drake
  1614 | D        | Noticed a crystal guardian
  1616 | D        | Reached skill level 10 in Dodging
  1618 | D        | Killed a crystal guardian
  1619 | D        | Killed a death drake
  1622 | D        | Killed a death drake
  1871 | D        | Identified the +9 dagger "Meon" {antimagic, Will+ Stlth+}
  1873 | D        | Identified the +6 dagger of Putrescence {drain, rElec}
  1882 | D        | Got Dodihol's Handbook of Cold and Geometries
  1899 | D        | Learned a level 2 spell: Blink
  1931 | D        | Noticed Roxanne
  2422 | D        | Noticed Kirke
  2422 | D        | Noticed a skeletal warrior
  2478 | D        | Bought a book of Spontaneous Combustion for 380 gold pieces
  2482 | D        | Bought a book of Dangerous Friends for 440 gold pieces
  2482 | D        | Bought the Codex of Mutagenic Conjuration for 396 gold
                  | pieces
  2497 | D        | Reached skill level 1 in Translocations
  2506 | D        | Learned a level 5 spell: Iskenderun's Battlesphere
  2512 | D        | Learned a level 5 spell: Irradiate
  2546 | D        | Killed Roxanne
  2547 | D        | Reached XP level 12. HP: 46/65 MP: 12/29
  2701 | D        | Noticed a storm dragon
  2706 | D        | Killed a storm dragon
  2707 | D        | Reached skill level 5 in Translocations
  2962 | D        | Found Testo's Jewellery Boutique.
  2962 | D        | Found Owamaum's Weapon Shop.
  2962 | D        | Found Nuluikun's General Store.
  2962 | D        | Found Utinim's Assorted Antiques.
  2962 | D        | Noticed a golden dragon
  2966 | D        | Killed a golden dragon
  3010 | D        | Engulfed by an ice statue's freezing vapour

Illustrated notes

Levels and vault maps discovered:
D:        the_violet_keep_of_menkaure [sprint2_stairs_cluster_1,
          sprint2_shoproom, sprint2_temple, sprint2_basic_supplies,
          sprint2_obstacle_2, sprint2_obstacle_3, sprint2_obstacle_6,
          sprint2_obstacle_5, sprint2_obstacle_4, sprint2_timed_cluster_1,
          sprint2_smallroom_cluster_1, sprint2_smallroom_final_cluster_1,
          sprint2_transparent_cluster_1, sprint2_second_timed_cluster_1,
          sprint2_sniper_area_1, sprint2_heavy_combat_area_1,
          sprint2_mutation_trap_area_1, sprint2_forest_area_1,
          sprint2_light_combat_area_1, sprint2_behind_water_1,
          sprint2_near_end_vault_1]

Skill      XL: |  1  2  3  4  5  6  7  8  9 10 11 12 |
---------------+-------------------------------------+-----
Fighting       | 2 3 4 5 8 9 |  9.6
Short Blades   | 3 4 5 6 10 | 10.0
Dodging        | 4 5 10 | 10.0
Stealth        | 6 8 10 13 15 | 15.0
Spellcasting   | 4 5 12 | 12.0
Hexes          | 5 10 14 | 14.0
Conjurations   | 4 7 10 11 | 11.0
Earth Magic    | 5 9 13 15 | 15.0
Translocations | 3 5 |  5.0
Alchemy        | 2 6 |  6.5

Action                     |  1- 3 |  4- 6 |  7- 9 | 10-12 || total
---------------------------+-------+-------+-------+-------++-------
  Melee: Dagger            |     2 |     7 |    14 |    64 ||    87
   Cast: Confusing Touch   |       |       |     1 |     7 ||     8
         Ensorcelled Hiber |       |       |     3 |    25 ||    28
         Dazzling Flash    |       |       |       |     3 ||     3
         Stone Arrow       |       |       |       |    32 ||    32
         Brom's Barrelling |       |       |       |     2 ||     2
         Iskenderun's Batt |       |       |       |     1 ||     1
 Invoke: Shadow Step       |       |       |       |     1 ||     1
    Use: Potion            |     2 |       |     1 |     5 ||     8
   Stab: Sleeping          |     2 |     7 |    10 |    25 ||    44
         Confused          |       |       |       |     7 ||     7
         Invisible         |       |       |       |     1 ||     1
 Armour: Robe              |       |       |       |    17 ||    17
  Dodge: Dodged            |       |       |     3 |    52 ||    55

Table legend: (Time is in decaauts)
 A = Elapsed time spent in this place.
 B = Non-inter-level travel time spent in this place.
 C = Inter-level travel time spent in this place.
 D = Time resting spent in this place.
 E = Time spent auto-exploring this place.
 F = Levels seen in this place.
 G = Mean time per level.
                   A        B        C        D        E       F      G
               +--------+--------+--------+--------+--------+-----+--------+
         Total |   2669 |   2662 |      7 |   1894 |     77 |   1 | 2669.0 |
       Dungeon |   2669 |   2662 |      7 |   1894 |     77 |   1 | 2669.0 |
               +--------+--------+--------+--------+--------+-----+--------+

Top non-repeatable levels by time:
       D: 2669 daAuts
